 Dungeon Crawl Stone Soup version 0.30-a0-694-g3340775977 (webtiles) character file.

Game seed: 13338481934986316060

59 Bnni the Vexing (level 4, -3/32 HPs)
             Began as a Formicid Hexslinger on Jan 20, 2023.
             Slain by a gnoll
             ... wielding a +0 spear
              (4 damage)
             ... on level 3 of the Dungeon.
             The game lasted 00:02:31 (1379 turns).

Bnni the Vexing (Formicid Hexslinger)               Turns: 1379, Time: 00:02:32

Health: -3/32      AC:  5    Str: 15    XL:     4   Next: 22%
Magic:  4/6        EV: 11    Int: 14    God:
Gold:   90         SH:  5    Dex: 14    Spells: 1/5 levels left

rFire   . . .      SeeInvis +    a - +1 sling
rCold   . . .      Faith    .    j - +1 buckler {AC+3}
rNeg    . . .      Spirit   .    c - +0 robe
rPois   .          Reflect  .    (helmet unavailable)
rElec   .          Harm     .    (no cloak)
rCorr   .          Rampage  .    (no gloves)
Will    .....                    (no boots)
Stlth   +                        (no amulet)
HPRegen 0.25/turn                (no ring)
MPRegen 0.10/turn                (no ring)

@: no status effects
A: permanent stasis, dig shafts and tunnels, antennae 3, four strong arms
a: Dig, Shaft Self


You were on level 3 of the Dungeon.
You visited 1 branch of the dungeon, and saw 3 of its levels.

You collected 90 gold pieces.

Inventory:

Hand Weapons
 a - a +1 sling (weapon)
Armour
 c - a +0 robe (worn)
 j - a +1 buckler of protection (worn)
Scrolls
 b - 3 scrolls of poison
 i - a scroll of brand weapon {unknown}
 m - 3 scrolls of teleportation {unknown}
 n - a scroll of noise {unknown}
 o - a scroll of identify {unknown}
Potions
 d - 2 potions of curing {unknown}
 e - 2 potions of lignification {unknown}
 f - 2 potions of degeneration {unknown}
 g - 2 potions of invisibility {unknown}
 h - a potion of cancellation {unknown}
 k - a potion of might {unknown}
 l - 2 potions of mutation {unknown}


   Skills:
 + Level 1.6 Fighting
 * Level 2.6 Ranged Weapons
 - Level 1.7 Dodging
 + Level 1.0 Shields
 + Level 1.4 Spellcasting
 * Level 4.2 Hexes
 * Level 1.4 Fire Magic


You had one spell level left.
You knew the following spells:

 Your Spells              Type           Power      Damage    Failure   Level
a - Slow                  Hex            48%        N/A       5%          1
b - Inner Flame           Hex/Fire       9%         N/A       30%         3

Your spell library contained the following spells:

 Spells                   Type           Power      Damage    Failure   Level
 Portal Projectile        Hex/Tloc       14%        N/A       36%         3
 Cause Fear               Hex            6%         N/A       50%         4


Dungeon Overview and Level Annotations

Branches:
Dungeon (3/15)

Altars:


Innate Abilities, Weirdness & Mutations

You cannot be hasted, slowed, berserked, paralysed or teleported.
You can dig through walls and to a lower floor.
You have a pair of large antennae on your head. (SInv)
Your four strong arms can wield two-handed weapons with a shield.


Message History

The gnoll hits you with a +0 club.
You shoot a sling bullet.
The sling bullet barely misses the gnoll. x3
The gnoll hits you but does no damage.
You shoot a sling bullet. The sling bullet hits the gnoll.
The gnoll is heavily wounded.
The gnoll hits you with a +0 club.
You shoot a sling bullet. The sling bullet hits the gnoll.
You kill the gnoll!
The gnoll closely misses you.
The gnoll hits you from afar with a +0 spear.
Your Shields skill increases to level 1!
You shoot a sling bullet. The sling bullet hits the gnoll.
The gnoll is heavily wounded.
You block the gnoll's attack.
The gnoll hits you from afar with a +0 spear.
You shoot a sling bullet. The sling bullet hits the gnoll.
The gnoll is almost dead.
The gnoll hits you with a +0 flail.
The gnoll hits you from afar with a +0 spear.
* * * LOW HITPOINT WARNING * * *
You are too injured to fight recklessly!
Casting: Slow (safe; 5% risk of failure)
Confirm with . or Enter, or press ? or * to list all spells.
Aiming: Slow (safe; 5% risk of failure)
Press: ? - help, Shift-Dir - straight line, f/p - gnoll
Aim: a gnoll, wielding a +0 flail (almost dead, chance to affect: 54%)
The gnoll resists with significant effort.
The gnoll misses you.
The gnoll hits you from afar with a +0 spear!
* * * LOW HITPOINT WARNING * * *
Okay, then.
Casting: Slow (safe; 5% risk of failure)
Confirm with . or Enter, or press ? or * to list all spells.
Aiming: Slow (safe; 5% risk of failure)
Press: ? - help, Shift-Dir - straight line, f/p - gnoll
Aim: a gnoll, wielding a +0 flail (almost dead, chance to affect: 54%)
The gnoll resists with significant effort.
The gnoll hits you from afar with a +0 spear.
You die...

#.###########
#.# #.# #.#
#.# #.# #.#
#########.#
.....gg@..#
###########


You could see 2 gnolls.

Vanquished Creatures
  2 gnolls (D:3)
  2 worms (D:2)
  4 ball pythons
  2 endoplasms (D:1)
  A giant cockroach (D:1)
  5 goblins
  4 hobgoblins
  A quokka (D:1)
  A bat (D:1)
  A frilled lizard (D:1)
  6 kobolds
  2 rats (D:1)
31 creatures vanquished.

Notes
Turn   | Place    | Note
-------+----------+-------------------------------------------
     0 | D:1      | Bnni the Formicid Hexslinger began the quest for the Orb.
     0 | D:1      | Reached XP level 1. HP: 15/15 MP: 2/2
   110 | D:1      | Found a faded altar of an unknown god.
   161 | D:1      | Reached XP level 2. HP: 21/21 MP: 3/3
   597 | D:1      | Reached skill level 4 in Hexes
   597 | D:1      | Reached skill level 1 in Fire Magic
   597 | D:1      | Reached XP level 3. HP: 26/26 MP: 4/4
  1018 | D:2      | Learned a level 3 spell: Inner Flame
  1371 | D:3      | Reached XP level 4. HP: 32/32 MP: 6/6
  1376 | D:3      | Reached skill level 1 in Shields
  1378 | D:3      | HP: 1/32 [gnoll/+0 spear (7)]
  1379 | D:3      | Slain by a gnoll

Illustrated notes

Levels and vault maps discovered:
D:1:      psy_arrival_whirlpool, layout_basic,
          hellmonk_ecumenical_altar_crossroads
D:2:      layout_basic, minmay_tripent
D:3:      layout_basic, minivault_25

Skill      XL: |  1  2  3  4 |
---------------+-------------+-----
Hexes          | 4 |  4.2
Fire Magic     | 1 |  1.4
Shields        | 1 |  1.0
Fighting       | |  1.6
Ranged Weapons | |  2.6
Dodging        | |  1.7
Spellcasting   | |  1.4

Action                   |  1- 3 |  4- 6 || total
-------------------------+-------+-------++-------
 Fire: Sling             |   123 |     7 ||   130
 Cast: Slow              |    13 |     2 ||    15
Armor: Robe              |     7 |     1 ||     8
Dodge: Dodged            |    30 |     3 ||    33
Block: Buckler           |     4 |     1 ||     5

Table legend: (Time is in decaauts)
 A = Elapsed time spent in this place.
 B = Non-inter-level travel time spent in this place.
 C = Inter-level travel time spent in this place.
 D = Time resting spent in this place.
 E = Time spent auto-exploring this place.
 F = Levels seen in this place.
 G = Mean time per level.
                   A        B        C        D        E       F      G
               +--------+--------+--------+--------+--------+-----+--------+
         Total |   1420 |   1374 |     46 |      0 |   1040 |   3 |  473.3 |
       Dungeon |   1420 |   1374 |     46 |      0 |   1040 |   3 |  473.3 |
               +--------+--------+--------+--------+--------+-----+--------+

Top non-repeatable levels by time:
     D:1: 791 daAuts
     D:2: 540 daAuts
     D:3: 89 daAuts
